Map: Lerilak Crest

Players

KaYaK - Winner!

  • Race: Zerg Zerg
  • League: Grandmaster

VampyWorm

  • Race: Protoss Protoss
  • League: Grandmaster

VOD

Have the link to the VOD?

Description

Time

  • Played on: June 14, 2015, 6:55 p.m.
  • Length: 6:36
Show
View Real Time Build Order
Export as new Build Order

KaYaK Zerg - Winner!

Build Orders: 3 Hatch before Pool 

Get SALT Encoding   

  12  0:01  Drone  
  13  0:12  Overlord  
  13  0:17  Drone  
  14  0:30  Drone x2  
  14  0:34  Drone  
  17  0:52  Hatchery  
  17  0:54  Drone  
  17  0:58  Drone  
  18  1:06  Drone  
  19  1:24  Drone  
  19  1:25  Hatchery  
  19  1:29  Drone  
  20  1:34  Extractor  
  20  1:38  Drone  
  20  1:45  Spawning Pool  
  19  1:49  Drone  
  20  2:03  Drone  
  20  2:04  Drone  
  22  2:13  Drone  
  23  2:20  Drone  
  24  2:24  Drone  
  24  2:26  Overlord  
  25  2:32  Drone  
  26  2:37  Drone x2  
  26  2:40  Queen x2  
  32  2:45  Queen  
  32  2:49  Metabolic Boost  
  34  2:55  Drone x2  
  36  3:00  Drone x2  
  36  3:01  Drone  
  36  3:05  Overlord  
  39  3:09  Overlord  
  39  3:12  Drone  
  40  3:14  Drone  
  41  3:26  Lair, Extractor  
  40  3:27  Zergling x4  
  40  3:28  Zergling x4  
  40  3:32  Zergling x4  
  46  3:36  Zergling x2  
  47  3:46  Extractor  
  47  3:47  Zergling x6  
  47  3:48  Extractor  
  48  3:49  Zergling x8  
  48  3:54  Zergling x6  
  48  3:55  Zergling x2  
  56  3:57  Overlord  
  56  4:03  Drone x2  
  58  4:16  Drone x2  
  59  4:22  Drone x5  
  62  4:25  Drone x3  
  64  4:35  Spire  
  63  4:38  Drone  
  63  4:39  Drone  
  63  4:43  Overlord  
  66  4:56  Spore Crawler  
  66  4:57  Spore Crawler  
  66  4:58  Spore Crawler  
  63  5:00  Drone  
  63  5:09  Drone x5  
  63  5:11  Drone x2  
  70  5:20  Drone x2, Zergling x2  
  70  5:21  Drone  
  74  5:27  Drone  
  74  5:28  Drone  
  73  5:29  Overlord x4  
  71  5:39  Drone x2  
  71  5:40  Drone x2  
  73  5:45  Extractor  
  73  5:46  Extractor  
  70  5:54  Mutalisk x2  
  70  5:55  Mutalisk x4  
  83  6:02  Mutalisk  
  87  6:10  Mutalisk x2  
  91  6:14  Drone x2  
  91  6:15  Drone x2  
Show
View Real Time Build Order
Export as new Build Order

VampyWorm Protoss 

Build Orders: Oracle Opening, Oracle Opening 

Get SALT Encoding   

  12  0:01  Probe  
  13  0:15  Pylon  
  13  0:18  Probe  
  14  0:33  Probe (Chrono Boost)  
  16  0:43  Probe (Chrono Boost)  
  16  0:46  Gateway  
  16  0:50  Probe  
  17  1:02  Probe (Chrono Boost)  
  17  1:03  Assimilator  
  18  1:05  Assimilator  
  18  1:13  Probe (Chrono Boost)  
  19  1:20  Probe (Chrono Boost)  
  20  1:27  Pylon  
  20  1:33  Cybernetics Core  
  20  1:48  Nexus  
  20  1:53  Probe (Chrono Boost)  
  21  2:03  Probe (Chrono Boost)  
  22  2:10  Warp Gate  
  22  2:11  Adept  
  24  2:18  Mothership Core (Chrono Boost)  
  26  2:24  Pylon  
  26  2:35  Probe (Chrono Boost)  
  27  2:38  Adept  
  29  2:48  Stargate  
  29  2:50  Probe (Chrono Boost)  
  30  3:01  Probe (Chrono Boost)  
  30  3:03  Probe (Chrono Boost)  
  32  3:10  Probe (Chrono Boost)  
  32  3:12  Probe (Chrono Boost)  
  35  3:23  Probe (Chrono Boost)  
  35  3:24  Probe (Chrono Boost)  
  36  3:31  Oracle  
  40  3:34  Probe (Chrono Boost)  
  40  3:36  Robotics Facility  
  40  3:38  Pylon  
  40  3:39  Probe (Chrono Boost)  
  41  3:48  Probe x2 (Chrono Boost), Assimilator  
  43  3:52  Assimilator  
  43  3:56  Probe (Chrono Boost)  
  45  4:05  Probe (Chrono Boost), Pylon  
  45  4:06  Probe (Chrono Boost)  
  46  4:12  Probe (Chrono Boost)  
  48  4:18  Probe (Chrono Boost)  
  48  4:21  Probe (Chrono Boost)  
  49  4:25  Probe  
  49  4:30  Warp Prism  
  52  4:35  Probe  
  52  4:37  Probe  
  54  4:41  Robotics Bay  
  54  4:42  Pylon  
  54  4:50  Probe (Chrono Boost)  
  54  4:51  Probe (Chrono Boost)  
  57  5:01  Probe (Chrono Boost), Gateway x2  
  57  5:05  Pylon  
  57  5:11  Probe (Chrono Boost)  
  58  5:14  Nexus  
  56  5:22  Adept  
  58  5:31  Probe  
  59  5:36  Disruptor (Chrono Boost)  
  37  5:50  Zealot  
  37  5:51  Probe x2 (Chrono Boost)  
  41  6:01  Probe x2 (Chrono Boost)  
  41  6:08  Probe x2  
  47  6:12  Zealot x3  
  47  6:18  Forge  
  53  6:20  Probe x2 (Chrono Boost), Pylon  
  60  6:32  Zealot  
  60  6:33  Zealot  
Tags
 
Add a new tag
Caveats
  • Supply blocks, unpowered buildings, or Contaminate may cause inaccurate times.
  • Supply counts are checked every 10 seconds.